 Dungeon Crawl Stone Soup version 0.12.2-14-g7c90c79 (webtiles) character file.

171 MarVin the Skirmisher (level 4, 12/36 HPs)
             Began as a Demonspawn Fighter on Aug 5, 2013.
             Quit the game on Level 2 of the Dungeon.
             The game lasted 00:05:21 (1875 turns).

MarVin the Skirmisher (Demonspawn Fighter)          Turns: 1875, Time: 00:05:21

HP  12/36        AC  8     Str 17      XL: 4   Next:  0%
MP   3/3         EV  5     Int  9      God:
Gold 104         SH 18     Dex 13      Spells:  0 memorised,  3 levels left

Res.Fire  : . . .   See Invis. : .   a - +0 hand axe {=f}
Res.Cold  : . . .   Warding    : .   b - +0 scale mail
Life Prot.: . . .   Conserve   : .   c - +0 shield
Res.Poison: .       Res.Corr.  : .   n - +0 orc helmet
Res.Elec. : .       Clarity    : .   (no cloak)
Sust.Abil.: . .     Spirit.Shd : .   (no gloves)
Res.Mut.  : .       Stasis     : .   (no boots)
Res.Rott. : .       Ctrl.Telep.: .   (no amulet)
Saprovore : . . .   Flight     : .   (no ring)
                                     (no ring)

@: slightly resistant to hostile enchantments, extremely unstealthy
A: hooves 1
a: no special abilities


You were on level 2 of the Dungeon.
You were hungry.

You visited 1 branch of the dungeon, and saw 3 of its levels.

You collected 84 gold pieces.

Inventory:

Hand weapons
 a - a +0,+0 hand axe (weapon) {=f}
Armour
 b - a +0 scale mail (worn)
 c - a +0 shield (worn)
 n - a +0 orcish helmet (worn)
Comestibles
 d - 3 bread rations
 j - a meat ration
 t - a honeycomb
Scrolls
 e - 2 scrolls of identify {unknown}
 f - a scroll of fog {unknown}
 h - 2 scrolls of remove curse {unknown}
 i - a scroll of enchant weapon I {unknown}
 l - a scroll of teleportation {unknown}
 o - a scroll of blinking {unknown}
 q - a scroll of amnesia {unknown}
 r - a scroll of enchant armour {unknown}
 s - a scroll of noise {unknown}
Potions
 g - a potion of curing {unknown}
 k - a potion of heal wounds {unknown}
 m - a potion of might {unknown}
 p - a potion of restore abilities {unknown}


   Skills:
 + Level 3.3 Fighting
 + Level 2.1 Axes
 + Level 3.3 Armour
 + Level 1.2 Dodging
 + Level 3.1 Shields
 + Level 0.1 Traps


You had 3 spell levels left.
You didn't know any spells.

Dungeon Overview and Level Annotations

Branches:
Dungeon (3/27)

Altars:
Cheibriados
Elyvilon

Annotations
D:3 MarVin's ghost, average DsFi; Terence


Innate Abilities, Weirdness & Mutations

You have large cloven feet.


Message History

The worker ant bites you but does no damage.
There is a stone staircase leading up here.
Terence hits you from afar with a trident of distortion.
* * * LOW HITPOINT WARNING * * *
You feel strangely unstable. You block the worker ant's attack.
The giant mite bites you but does no damage.
You climb upwards.
There is a stone staircase leading down here.
You block the worker ant's attack. You block the worker ant's attack.
Your surroundings suddenly seem different.
You start resting.
A giant newt comes into view.
You hit the giant newt.
You kill the giant newt!
You have reached level 4!
Your demonic ancestry asserts itself...
Your feet thicken and deform.
You feel agile.
Are you sure you want to abandon this character and quit the game? (Confirm with "yes".)

#.###.#######.##.......# #..#
.......................# #..#
..............##..<....# #..#
#[###.##############.#.#####..#
...........................#..#
#.###.##############.#.###.#..#
).###.#### ##### ##.#.###.#..#
####..(..###...####......#.#..#
................@.............#
####.....###...####......#.#.####
#.....# #...# #..............
#.....# #...# #..............
#.....# #...# #..............
#.....###...#####.###.########
#.....................#
#########...########### #####


There were no monsters in sight!

Vanquished Creatures
  3 worms
  4 giant geckos
  An ooze (D:1)
  8 hobgoblins
  8 bats
  2 giant cockroaches (D:2)
  2 giant newts (D:2)
  8 goblins
  2 jackals (D:2)
  4 kobolds
  5 rats
47 creatures vanquished.

Notes
Turn   | Place    | Note
--------------------------------------------------------------
     0 | D:1      | MarVin, the Demonspawn Fighter, began the quest for the Orb.
     0 | D:1      | Reached XP level 1. HP: 18/18 MP: 0/0
   118 | D:1      | Reached XP level 2. HP: 16/24 MP: 1/1
   475 | D:1      | Reached XP level 3. HP: 30/30 MP: 2/2
   766 | D:2      | Found a white marble altar of Elyvilon.
   968 | D:2      | Reached skill level 1 in Dodging
  1056 | D:2      | Noticed an agate snail
  1135 | D:2      | Found a snail-covered altar of Cheibriados.
  1499 | D:3      | Noticed MarVin's ghost (average DsFi)
  1835 | D:3      | Noticed Terence
  1874 | D:2      | Gained mutation: You have large cloven feet. [demonic ancestry]
  1874 | D:2      | Reached XP level 4. HP: 12/36 MP: 3/3
  1875 | D:2      | Quit the game

Action                   |  1- 3 |  4- 6 || total
-------------------------+-------+-------++-------
Melee: Hand axe          |   209 |       ||   209
